 Dungeon Crawl Stone Soup version 0.29-a0-885-gb26ba3297d (webtiles) character file.

Game seed: 1948149640960462091

22065 porpoise the Spear-Bearer (level 12, -9/103 HPs)
             Began as a Demonspawn Delver on July 21, 2022.
             Was a Priest of Yredelemnul.
             Collided with a slime creature zombie (10 damage)
             ... caused by a deep elf knight
             ... on level 12 of the Dungeon.
             The game lasted 00:58:17 (19105 turns).

porpoise the Spear-Bearer (Demonspawn Delver)      Turns: 19105, Time: 00:58:18

Health: -9/103     AC: 14    Str: 17    XL:     12   Next: 59%
Magic:  17/17      EV: 15    Int: 12    God:    Yredelemnul [***...]
Gold:   1150       SH:  0    Dex: 15    Spells: 15/17 levels left

rFire   + + .      SeeInvis .   a - +1 trident
rCold   + . .      Faith    +   (no shield)
rNeg    + + +      Spirit   .   n - +2 scale mail {rF+}
rPois   .          Reflect  .   J - +0 helmet
rElec   .          Harm     .   q - +0 cloak
rCorr   .          Rampage  .   (gloves unavailable)
Will    .....                   (no boots)
Stlth   +.........              K - amulet of faith
HPRegen 0.27/turn               E - +4 ring of evasion
MPRegen 0.15/turn               T - ring of Wu Jian's Whim {rF+ rC+ rN+++}

@: no status effects
A: slimy green scales 2, ignite blood 1, robust 1, demonic magic 2, demonic
touch 3
a: Renounce Religion, Recall Undead Harvest, Dark Bargain


You were on level 12 of the Dungeon.
You worshipped Yredelemnul.
Yredelemnul was noncommittal.
You visited 2 branches of the dungeon, and saw 13 of its levels.
You also visited: Ice Cave.

You collected 1459 gold pieces.
You spent 309 gold pieces at shops.

Inventory:

Hand Weapons
 a - a +1 trident (weapon)
 b - a +0 sling
 R - the +7 great mace "Undeadhunter" {disrupt, rN+}
   (You found it on level 11 of the Dungeon)

   It inflicts significantly more damage against the undead.
   rN:        It protects you from negative energy.
Missiles
 c - 2 throwing nets
 g - a silver boomerang
 H - 4 boomerangs (quivered)
 P - 2 javelins
 Q - a curare-tipped dart
Armour
 n - a +2 scale mail of fire resistance (worn)
 q - a +0 cloak (worn)
 J - a +0 helmet (worn)
 U - the +7 plate armour "Lashrayra" {rF+}
   (You found it on level 11 of the Dungeon)

   rF:        It protects you from fire.
 Y - a +1 ring mail of poison resistance
 Z - a +2 robe of resistance
Jewellery
 e - a ring of ice
 j - an amulet of magic regeneration
 w - an amulet of regeneration
 y - a ring of magical power
 D - a ring of poison resistance
 E - a +4 ring of evasion (left hand)
 K - an amulet of faith (around neck)
 S - the ring "Fetireda" {Wiz Dex+3}
   (You found it on level 11 of the Dungeon)

   [ring of wizardry]

   It improves your spell success rate.
   Dex:       It affects your dexterity (+3).
 T - the ring of Wu Jian's Whim (right hand) {rF+ rC+ rN+++}
   (You found it on level 11 of the Dungeon)

   [ring of protection from fire]

   rF:        It protects you from fire.
   rC:        It protects you from cold.
   rN:        It renders you almost immune to negative energy.
 X - a +6 ring of intelligence
Wands
 o - a wand of charming (17)
 r - a wand of flame (12)
 B - a wand of roots (18)
 G - a wand of polymorph (9)
 M - a wand of light (5)
Scrolls
 d - 4 scrolls of magic mapping
 f - 3 scrolls of teleportation
 h - a scroll of vulnerability
 k - 4 scrolls of noise
 m - a scroll of amnesia
 s - 4 scrolls of fear
 u - 2 scrolls of enchant armour
 A - 3 scrolls of butterflies
 L - a scroll of enchant weapon
Potions
 i - a potion of magic
 t - 6 potions of curing
 v - a potion of flight
 x - 3 potions of mutation
 z - a potion of ambrosia
 F - 2 potions of lignification
 I - 2 potions of brilliance
 N - a potion of berserk rage {unknown}
 V - 3 potions of resistance
 W - 2 potions of invisibility


   Skills:
 + Level 8.9 Fighting
 - Level 4.4 Long Blades
 + Level 13.3 Polearms
 - Level 5.0 Armour
 - Level 5.0 Dodging
 - Level 4.5 Stealth
 - Level 3.0 Spellcasting
 + Level 4.8 Transmutations
 - Level 7.0 Invocations
 - Level 5.0 Evocations


You had 15 spell levels left.
You knew the following spells:

 Your Spells              Type           Power      Damage    Failure   Level
w - Wereblood             Tmut           13%        N/A       16%         2

Your spell library contained the following spells:

 Spells                   Type           Power      Damage    Failure   Level
 Beastly Appendage        Tmut           26%        N/A       11%         1
 Spider Form              Tmut/Pois      7%         N/A       65%         3
 Scorch                   Fire           2%         2d5       75%         2
 Static Discharge         Conj/Air       1%         3-4/arc   75%         2
 Dispel Undead            Necr           1%         3d6       100%        4
 Flame Wave               Conj/Fire      1%         2d4       100%        4
 Sticky Flame             Conj/Fire      1%         2d3       100%        4
 Summon Forest            Summ/Tloc      0%         N/A       100%        5
 Summon Mana Viper        Hex/Summ       1%         N/A       100%        5
 Eringya's Noxious Bog    Tmut/Pois      3%         N/A       100%        6
 Summon Cactus Giant      Summ           0%         N/A       100%        6
 Summon Hydra             Summ           0%         N/A       100%        7


Dungeon Overview and Level Annotations

Branches:
Dungeon (12/15)            Temple (1/1) D:4            Lair (0/5) D:10
    Orc (0/2) D:11          IceCv (visited)

Altars:
Ashenzari
Cheibriados
Dithmenos
Fedhas
Gozag
Hepliaklqana
Kikubaaqudgha
Makhleb
Nemelex Xobeh
Okawaru
Qazlal
Ru
Sif Muna
Trog
Uskayaw
Vehumet
Wu Jian
Xom
Yredelemnul

Shops:
D:7 *   D:9 :

Portals:
Trove: D:10 (give +6 demon trident)

Annotations:
D:6 3 runed translucent doors, xian's ghost, novice MiHu
D:9 1 runed translucent door, jimonade's ghost, novice OgGl


Innate Abilities, Weirdness & Mutations

You are mostly covered in slimy green scales. (AC +3)
Your demonic aura sometimes causes spilled blood to erupt in flames.
You are robust. (+10% HP)
Spells you cast may paralyse nearby enemies.
Your touch may irresistibly damage your foes and sap their willpower.


Message History

The green ugly thing is almost dead.
You hit the green ugly thing.
You touch the green ugly thing!
You kill the green ugly thing!
You hear a twanging sound.
An arrow appears from out of thin air!
The arrow hits you but does no damage.
No target in view!
No target in view!
You hear a twanging sound.
An arrow appears from out of thin air!
The arrow hits you.
A cyclops comes into view.
You hear some strange, mumbled words.
A shard of ice appears from out of thin air!
The shard of ice misses you.
Your five-headed hydra zombie is engulfed in blazing flames.
You hear a twanging sound.
An arrow appears from out of thin air!
The arrow hits you but does no damage. Something hits you!
Something hits you but does no damage.
You puncture something! Your touch misses something. Something hits you!
You closely miss something. Your touch misses something.
Something barely misses you.
You hit something. Something hits you.
The cyclops throws a large rock.
The large rock completely misses your slime creature zombie.
The large rock hits you!!
You miss something.
Your slime creature zombie hits the cyclops!
You completely miss something. Something barely misses you.
You completely miss something. Something hits you!
* * * LOW HITPOINT WARNING * * *
Your slime creature zombie hits the cyclops.
The cyclops hits your slime creature zombie!
You puncture something!
You hear some strange, mumbled words.
A lance of force appears from out of thin air!
The lance of force hits you!!
* * * LOW HITPOINT WARNING * * *
You are knocked back by the lance of force.
You collide with your slime creature zombie!
Your slime creature zombie is lightly damaged.
You die...
Your body rises from the dead as a mindless zombie.

..............................[#.
..............................[[#
.##.....................#........
...<..###....#..............^.).)
......###...###...##....##.......
...........##.##...#.##..........
....##.##.##...##..<#>....###...#
.........##,,#C{##..#........#...
##.#....##,,**#Z@##.........##...
...#...##,,**,##ZZ##..#.,..#*#...
....#.##,,**,,,##..##,**,..,*###*
...#...**,,**,,,##..##,##,,**
.##.##..**,,*,*,,##..##.#***
.....##..**,,,**,,##...#*
.#....##,,**,,,**,,##..#
.......#*,,**,**,,##...###
..#.....##,,***,,##......#


You could see a cyclops (ally target), a friendly five-headed hydra zombie and 2
friendly slime creature zombies.

Vanquished Creatures
  A white draconian (IceCv)
  2 hydras
  Erica (D:8)
  An ogre mage (D:11)
  3 cyclopes (D:11)
  An ugly thing (D:12)
  A manticore (D:11)
  2 ice statues (IceCv)
  4 rime drakes (IceCv)
  A kobold demonologist (D:10)
  An efreet (D:11)
  3 trolls (D:11)
  2 slime creatures (D:12)
  Sigmund (D:2)
  2 vampires
  A shadow (D:9)
  2 wyverns
  A wraith (D:11)
  24 yaks
  A steam dragon (D:8)
  12 two-headed ogre zombies (D:11)
  3 acid dragons
  Duvessa (D:7)
  A water moccasin (D:7)
  7 orc warriors
  A sky beast (D:7)
  A black bear (D:6)
  An ogre (D:2)
  A phantom (D:6)
  3 centaurs
  A kobold brigand (D:11)
  A rime drake zombie (IceCv)
  2 gnoll sergeants
  A bullfrog (D:5)
  2 scorpions (D:5)
  A two-headed ogre simulacrum (D:12)
  Dowan (D:7)
  3 killer bees (D:9)
  A lindwurm simulacrum (IceCv)
  An elephant simulacrum (D:12)
  6 howler monkeys
  2 bullfrog zombies (D:6)
  5 komodo dragon simulacra (IceCv)
  5 hounds
  4 orc priests
  2 jellies (D:2)
  A gnoll bouda (D:6)
  Jessica (D:2)
  Terence (D:3)
  11 orc wizards
  7 iguanas
  A killer bee zombie (D:9)
  A spriggan simulacrum (D:12)
  A polar bear simulacrum (D:12)
  An acid dragon zombie (D:12)
  14 gnolls
  A gnoll zombie (D:10)
  7 adders
  4 naga simulacra (D:12)
  A river rat (D:4)
  7 acid dragon simulacra (IceCv)
  6 steam dragon simulacra (IceCv)
  3 worms
  A dart slug (D:1)
  36 orcs
  15 endoplasms
  6 giant cockroaches
  6 hobgoblins
  7 jackals
  8 ball pythons
  6 bats
  6 frilled lizards
  7 goblins
  16 kobolds
  2 orc zombies
  6 rats
314 creatures vanquished.

Vanquished Creatures (collateral kills)
  2 two-headed ogres
  Pikel (D:7)
  3 slime creatures (D:12)
  A shadow (D:9)
  A culicivora (shapeshifter) (D:12)
  6 yaks
  2 two-headed ogre zombies (D:11)
  An acid dragon (D:12)
  A killer bee (D:9)
  A howler monkey (D:9)
  A komodo dragon simulacrum (IceCv)
  A jelly (D:7)
  An orc priest (D:9)
  Crazy Yiuf (D:7)
  A gnoll (D:6)
  10 orcs
34 creatures vanquished.

Vanquished Creatures (others)
  2 slime creature zombies (D:12)
  A two-headed ogre zombie (D:11)
  A manticore zombie (D:11)
  A human zombie (D:8)
  2 rime drake zombies (IceCv)
  A wyvern zombie (D:7)
  A cyclops zombie (D:11)
  2 troll zombies (D:11)
  10 yak zombies
  2 centaur zombies
  A kobold zombie (D:10)
  2 killer bee zombies (D:9)
  An acid dragon zombie (D:8)
  3 howler monkey zombies
  An acid dragon simulacrum (IceCv)
  A steam dragon zombie (D:8)
  An elf zombie (D:7)
  A gnoll zombie (D:6)
  18 orc zombies
  6 fungi
  11 toadstools (D:2)
  2 withered plants (D:9)
71 creatures vanquished.

Grand Total: 419 creatures vanquished

Notes
Turn   | Place    | Note
-------+----------+-------------------------------------------
     0 | D:5      | porpoise the Demonspawn Delver began the quest for the Orb.
     0 | D:5      | Reached XP level 1. HP: 18/18 MP: 1/1
    43 | D:5      | Noticed a scorpion
   104 | D:5      | Found a hide-covered altar of Uskayaw.
   105 | D:5      | Noticed a hound
   250 | D:3      | Noticed Terence
   379 | D:2      | Reached skill level 2 in Polearms
   413 | D:1      | Gained mutation: Your touch may inflict minor irresistible
                  | damage on your foes. [demonic ancestry]
   413 | D:1      | Reached XP level 2. HP: 18/24 MP: 2/2
   776 | D:1      | Found a faded altar of an unknown god.
   785 | D:1      | Gained mutation: Spells you cast may paralyse adjacent
                  | enemies. [demonic ancestry]
   785 | D:1      | Reached XP level 3. HP: 29/29 MP: 3/3
   936 | D:1      | Reached skill level 3 in Polearms
  1520 | D:2      | Noticed an ogre
  1534 | D:2      | Noticed Sigmund
  1973 | D:2      | Gained mutation: You are partially covered in slimy green
                  | scales. (AC +2) [demonic ancestry]
  1973 | D:2      | Reached XP level 4. HP: 37/37 MP: 4/4
  2273 | D:2      | Killed an ogre
  2274 | D:2      | Reached skill level 4 in Polearms
  2274 | D:2      | Gained mutation: Your touch may inflict irresistible damage
                  | on your foes. [demonic ancestry]
  2274 | D:2      | Reached XP level 5. HP: 13/42 MP: 5/5
  2548 | D:2      | Noticed Jessica
  2553 | D:2      | Killed Jessica
  2728 | D:2      | Reached XP level 6. HP: 34/49 MP: 6/6
  2950 | D:3      | Killed Terence
  3144 | D:3      | Reached skill level 5 in Polearms
  3191 | D:3      | Found an ancient bone altar of Kikubaaqudgha.
  3606 | D:2      | Killed Sigmund
  3607 | D:2      | Reached skill level 5 in Fighting
  4026 | D:4      | Gained mutation: Spells you cast may paralyse nearby
                  | enemies. [demonic ancestry]
  4026 | D:4      | Reached XP level 7. HP: 44/56 MP: 7/7
  4373 | D:4      | Reached skill level 6 in Polearms
  4410 | D:4      | Found a staircase to the Ecumenical Temple.
  4424 | Temple   | Entered the Ecumenical Temple
  5721 | D:6      | Reached skill level 7 in Polearms
  5721 | D:6      | Gained mutation: You are mostly covered in slimy green
                  | scales. (AC +3) [demonic ancestry]
  5721 | D:6      | Reached XP level 8. HP: 57/64 MP: 8/8
  6652 | D:6      | Reached skill level 8 in Polearms
  6663 | D:6      | Found a basalt altar of Yredelemnul.
  6671 | D:6      | Became a worshipper of Yredelemnul the Dark
  6772 | D:6      | Learned a level 2 spell: Wereblood
  7011 | D:6      | Reached * piety under Yredelemnul
  7056 | D:6      | Found a runed translucent gate.
  7057 | D:6      | Found a runed translucent gate.
  7057 | D:6      | Noticed a two-headed ogre
  7058 | D:6      | Found a runed translucent gate.
  7088 | D:6      | Found an opulent altar of Gozag.
  7089 | D:6      | Noticed xian's ghost (novice MiHu)
  7328 | D:7      | Reached skill level 1 in Armour
  7523 | D:7      | Reached skill level 9 in Polearms
  7721 | D:7      | Found Gephoz's Assorted Antiques.
  7724 | D:7      | Bought a murky white potion for 21 gold pieces
  7724 | D:7      | Bought a runed beryl amulet for 120 gold pieces
  7724 | D:7      | Bought 2 scrolls labelled JAVO BILOSAM for 48 gold pieces
  7724 | D:7      | Bought a scroll labelled QONGUA NUZOPT for 24 gold pieces
  7730 | D:7      | Bought a scroll of identify for 48 gold pieces
  7730 | D:7      | Bought a scroll of identify for 48 gold pieces
  7764 | D:7      | Noticed Duvessa
  7967 | D:7      | Noticed Dowan
  7977 | D:7      | Killed Duvessa
  7978 | D:7      | Gained mutation: Your touch may irresistibly damage your
                  | foes and sap their willpower. [demonic ancestry]
  7978 | D:7      | Reached XP level 9. HP: 72/72 MP: 9/9
  7982 | D:7      | Killed Dowan
  8001 | D:7      | Reached ** piety under Yredelemnul
  8258 | D:7      | Reached *** piety under Yredelemnul
  8265 | D:7      | Noticed Pikel
  8275 | D:7      | Your ally Dowan died
  8275 | D:7      | Killed Pikel
  8292 | D:7      | Reached skill level 10 in Polearms
  8549 | D:7      | Found a broken altar of Ashenzari.
  8632 | D:7      | Reached **** piety under Yredelemnul
  8814 | D:7      | Found a runed translucent door.
  8815 | D:7      | Noticed Crazy Yiuf
  8823 | D:7      | Killed Crazy Yiuf
  9359 | D:8      | Noticed Erica
  9375 | D:8      | Killed Erica
  9422 | D:8      | Your ally Erica died
  9730 | D:8      | Found a blossoming altar of Fedhas.
  9876 | D:8      | Gained mutation: Your demonic aura sometimes causes spilled
                  | blood to erupt in flames. [demonic ancestry]
  9876 | D:8      | Reached XP level 10. HP: 52/79 MP: 13/13
  9897 | D:8      | Reached skill level 5 in Armour
  9897 | D:8      | Reached skill level 5 in Invocations
 10241 | D:8      | Found an iron altar of Okawaru.
 10241 | D:8      | Found a snail-covered altar of Cheibriados.
 10352 | D:8      | Reached skill level 11 in Polearms
 10683 | D:9      | Found a shimmering altar of Xom.
 10818 | D:9      | Noticed jimonade's ghost (novice OgGl)
 10819 | D:9      | Found a runed translucent door.
 10986 | D:9      | Reached skill level 1 in Evocations
 11097 | D:9      | Reached ***** piety under Yredelemnul
 11408 | D:9      | Reached ****** piety under Yredelemnul
 11660 | D:9      | Found Nelulaso's Vocational Training.
 11823 | D:9      | Found a shadowy altar of Dithmenos.
 11994 | D:9      | Reached XP level 11. HP: 62/84 MP: 16/16
 12151 | D:10     | Entered Level 10 of the Dungeon
 12162 | D:10     | Found a staircase to the Lair.
 12612 | D:10     | Noticed a two-headed ogre
 12618 | D:10     | Killed a two-headed ogre
 12881 | D:10     | Reached skill level 5 in Dodging
 13489 | D:10     | Found a portal to a secret trove of treasure.
 13636 | D:10     | You fall into a shaft and drop 1 floor!
 13804 | D:11     | Reached skill level 1 in Spellcasting
 13814 | D:11     | Noticed a two-headed ogre
 13822 | D:11     | Killed a two-headed ogre
 13823 | D:11     | Reached skill level 12 in Polearms
 13910 | D:11     | Found a staircase to the Orcish Mines.
 14352 | D:11     | Noticed a seven-headed hydra
 14425 | D:11     | Reached skill level 5 in Evocations
 14536 | D:11     | Reached skill level 1 in Transmutations
 14624 | D:11     | Killed a seven-headed hydra
 15095 | D:11     | Identified the ring "Fetireda" {Wiz Dex+3}
 15208 | D:11     | Identified the ring of Wu Jian's Whim {rF+ rC+ rN+++}
 15213 | D:11     | Identified the +7 plate armour "Lashrayra" {rF+}
 15778 | D:11     | Noticed an ogre mage
 15791 | D:11     | Gained mutation: You are robust. (+10% HP) [demonic
                  | ancestry]
 15791 | D:11     | Reached XP level 12. HP: 84/101 MP: 17/17
 15811 | D:11     | Killed an ogre mage
 15831 | D:11     | Found the +7 great mace "Undeadhunter" {disrupt, rN+}
 16297 | D:12     | Reached skill level 13 in Polearms
 16430 | D:12     | Found a frozen archway.
 16574 | IceCv    | Entered an ice cave
 17000 | IceCv    | Reached skill level 1 in Long Blades
 17863 | IceCv    | Noticed a white draconian
 17894 | IceCv    | Killed a white draconian
 18416 | D:12     | Noticed a five-headed hydra
 18425 | D:12     | Killed a five-headed hydra
 19105 | D:12     | HP: 1/103 [something/lance of force (27)]
 19105 | D:12     | Collided with a slime creature zombie

Illustrated notes

Levels and vault maps discovered:
D:1:      eino_arrival_water_cross, layout_basic,
          chequers_ecumenical_altar_simple_redux, hangedman_decor_slide_cut
D:2:      cheibrodos_fertilizer, layout_loops_ring, uniq_jessica, uniq_sigmund
D:3:      layout_loops_corners, mainiacjoe_overflow_swirl,
          kennysheep_decorative_pillar, uniq_terence
D:4:      layout_cave_pools, minmay_temple_entry_sparse_star, serial_forest,
          infiniplex_forest_clump_small, infiniplex_forest_straight_5,
          infiniplex_forest_lined_ring, infiniplex_forest_end_1,
          infiniplex_forest_straight_5, portal_sewer_entry_a
D:5:      layout_gridville, mainiacjoe_overflow_alcove_4
D:6:      layout_cave_pools, lemuel_zombie_altar_yredelemnul,
          ebering_ghost_gozag
D:7:      layout_loops_ring, lemuel_round_altar, serial_shops, shop_statue,
          kennysheep_potato, uniq_duvessa, uniq_pikel, uniq_crazy_yiuf_cottage
D:8:      layout_basic, gammafunk_temple_overflow_elements,
          overflow_temple_1_default, uniq_erica
D:9:      layout_basic, grunt_dithmenos_shadows,
          mainiacjoe_overflow_tiny_flanked, gammafunk_ghost_grave,
          nicolae_shop_vocational
D:10:     layout_loops_ring, mainiacjoe_overflow_chevrons,
          nicolae_tso_carved_into_rock, nicolae_trove_entry_diagonal
D:11:     lemuel_ogre_cave, layout_basic, orc_0_dummy,
          minmay_mirror_moons_of_madness
D:12:     layout_cave_pools, portal_ice_cave_entry_ice_simulacra,
          minmay_diamond_spiral
Temple:   hellmonk_temple_rainy

Skill      XL: |  1  2  3  4  5  6  7  8  9 10 11 12 |
---------------+-------------------------------------+-----
Polearms       | 2 3 4 5 7 9 10 11 12 13 | 13.3
Fighting       | 4 5 6 7 8 |  8.9
Armour         | 1 4 5 |  5.0
Invocations    | 4 7 |  7.0
Dodging        | 4 5 |  5.0
Evocations     | 3 5 |  5.0
Spellcasting   | 3 |  3.0
Transmutations | 3 4 |  4.8
Long Blades    | 4 |  4.4
Stealth        | |  4.5

Action                   |  1- 3 |  4- 6 |  7- 9 | 10-12 || total
-------------------------+-------+-------+-------+-------++-------
Melee: Spear             |   139 |    77 |       |       ||   216
       Touch             |    18 |    20 |    61 |   140 ||   239
       Punch             |     3 |     1 |     4 |    17 ||    25
       Hand axe          |       |    23 |     6 |       ||    29
       Trident           |       |       |   387 |   673 ||  1060
       Scimitar          |       |       |       |    17 ||    17
 Fire: Sling             |       |       |     5 |     2 ||     7
Invok: Dark Bargain      |       |       |     1 |       ||     1
Evoke: Wand              |       |       |     3 |     4 ||     7
  Use: Scroll            |     1 |       |    13 |    10 ||    24
       Potion            |       |       |     2 |     4 ||     6
 Stab: Sleeping          |     4 |     1 |     1 |       ||     6
       Distracted        |     2 |     1 |     1 |     3 ||     7
       Invisible         |       |       |       |     4 ||     4
Armor: Leather armour    |    29 |       |       |       ||    29
       Scale mail        |       |    33 |   171 |   158 ||   362
Dodge: Dodged            |    68 |    27 |   239 |   254 ||   588

Table legend: (Time is in decaauts)
 A = Elapsed time spent in this place.
 B = Non-inter-level travel time spent in this place.
 C = Inter-level travel time spent in this place.
 D = Time resting spent in this place.
 E = Time spent auto-exploring this place.
 F = Levels seen in this place.
 G = Mean time per level.
                   A        B        C        D        E       F      G
               +--------+--------+--------+--------+--------+-----+--------+
         Total |  18826 |  18170 |    656 |   8161 |   6809 |  14 | 1344.7 |
       Dungeon |  17084 |  16442 |    642 |   6960 |   6789 |  12 | 1423.7 |
        Temple |     27 |     13 |     14 |      0 |      9 |   1 |   27.0 |
      Ice Cave |   1713 |   1713 |      0 |   1200 |     11 |   1 | 1713.0 |
               +--------+--------+--------+--------+--------+-----+--------+

Top non-repeatable levels by time:
    D:11: 2578 daAuts
     D:7: 1927 daAuts
   IceCv: 1713 daAuts
     D:5: 1680 daAuts
     D:2: 1516 daAuts
    D:10: 1464 daAuts
     D:9: 1434 daAuts
     D:8: 1407 daAuts
     D:3: 1179 daAuts
     D:1: 1106 daAuts
    D:12: 1022 daAuts
     D:6: 979 daAuts
     D:4: 786 daAuts
  Temple: 27 daAuts
